[Event "Titled Tuesday Blitz April 26 Early 2022"]
[White "Safarli, Eltaj"]
[Black "Esipenko, Andrey"]
[WhiteFideId "13402129"]
[BlackFideId "24175439"]
[WhiteElo "2634"]
[BlackElo "2617"]
[Result "0-1"]
[Round "11"]
[TimeControl "180+1"]
[Date "2022.04.26"]
[WhiteClock "0:00:04"]
[BlackClock "0:00:06"]

1. e4 e5 2. Nf3 Nc6 3. Bb5 Nf6 4. O-O Nxe4 5. d4 exd4 6. Re1 f5 7. Nxd4 Nxd4 8. Qxd4 c6 9. Qe5+ Kf7 10. Qxf5+ Nf6 11. Bd3 d5 12. Qf3 Bg4 13. Qg3 Bd6 14. Bf4 Bxf4 15. Qxf4 Qb8 16. Qb4 Qc7 17. Nd2 Rhe8 18. h3 Bh5 19. Qh4 h6 20. Nf1 Bg6 21. Bxg6+ Kxg6 22. Ng3 Qd6 23. Qd4 c5 24. Qd3+ Kf7 25. Nf5 Qd7 26. Qf3 Rad8 27. c3 b6 28. Rad1 Re6 29. Ne3 d4 30. cxd4 cxd4 31. Ng4 Qd5 32. Qf4 Qd6 33. Qf5 Rxe1+ 34. Rxe1 d3 35. Ne5+ Kg8 36. Rd1 d2 37. Nf3 Qe7 38. Rxd2 Rxd2 39. Nxd2 Qe2 40. Nf1 Qxb2 41. Qe6+ Kh8 42. Ne3 Qc1+ 43. Kh2 Qc7+ 44. g3 b5 45. h4 a5 46. Kg2 b4 47. g4 Qb7+ 48. f3 Qd7 49. Qe5 Qd2+ 50. Kg3 Qd8 51. g5 Nd7 52. Qd6 hxg5 53. h5 Qb8 54. Qxb8+ Nxb8 55. Nc4 a4 56. Kg4 Nc6 57. Kxg5 Nd4 58. Kf4 Nb5 59. Ke5 a3 60. Kd5 Nc3+ 61. Kc5 Nxa2 62. Nd2 Nc1 0-1


[Site "https://www.chess.com"]

[Event "Titled Tuesday Blitz April 26 Early 2022"]
[White "Salimova, Nurgyul"]
[Black "Richter, Nils"]
[WhiteFideId "2915138"]
[BlackFideId "12990809"]
[WhiteElo "2185"]
[BlackElo "2243"]
[Result "1-0"]
[Round "11"]
[TimeControl "180+1"]
[Date "2022.04.26"]
[WhiteClock "0:00:12"]
[BlackClock "0:00:36"]

1. d4 d5 2. c4 c6 3. cxd5 cxd5 4. Bf4 Nc6 5. e3 a6 6. Nc3 Nf6 7. Be2 Bf5 8. Nf3 e6 9. Qb3 Ra7 10. O-O Bd6 11. Ne5 Bxe5 12. dxe5 Nd7 13. Rfd1 O-O 14. Rac1 Qe7 15. Na4 Ndxe5 16. Nb6 Nd7 17. Nxd7 Qxd7 18. Qb6 Raa8 19. h4 h6 20. h5 Rfc8 21. Bf3 Qd8 22. Qb3 Qe7 23. Qb6 e5 24. Bg3 e4 25. Be2 Be6 26. a3 Rd8 27. Rc2 Rac8 28. Rcd2 Nb8 29. Rd4 Nd7 30. Qxb7 Qf6 31. Bxa6 Nc5 32. Qb6 Nxa6 33. Qxa6 Rc2 34. b4 Rdc8 35. b5 Rc1 36. b6 Bg4 37. Rxc1 Rxc1+ 38. Kh2 Qf5 39. Qa8+ Kh7 40. Qxd5 Rb1 41. Qxf5+ Bxf5 42. Rb4 Rxb4 43. axb4 Bc8 44. Be5 f6 45. Bd4 Kg8 46. Kg3 Kf7 47. Kf4 Bb7 48. Bc5 Ke6 49. f3 exf3 50. gxf3 f5 51. Bf8 Kf7 52. Bc5 g6 53. hxg6+ Kxg6 54. e4 fxe4 55. fxe4 Kf7 56. Ke5 h5 57. Bf2 Ke8 58. Bh4 Kd7 59. b5 Ba8 60. Kf5 Bxe4+ 61. Kxe4 Kc8 62. Kd5 Kb7 63. Kc5 Ka8 64. Kc6 Kb8 65. Bg3+ Ka8 66. b7+ Ka7 67. b8=Q# 1-0


[Site "https://www.chess.com"]

[Event "Titled Tuesday Blitz April 26 Early 2022"]
[White "Sanchez, Robert"]
[Black "Hua, Lefong"]
[WhiteFideId "2034360"]
[BlackFideId "2602253"]
[WhiteElo "2424"]
[BlackElo "2594"]
[Result "0-1"]
[Round "11"]
[TimeControl "180+1"]
[Date "2022.04.26"]
[WhiteClock "0:00:10"]
[BlackClock "0:00:16"]

1. e4 c5 2. Nf3 g6 3. d4 cxd4 4. Bc4 Nc6 5. c3 d3 6. Qxd3 Bg7 7. e5 Nh6 8. Bf4 O-O 9. O-O a6 10. Re1 b5 11. Bd5 Bb7 12. Nbd2 Qb6 13. Nb3 Rfd8 14. Bxh6 Bxh6 15. Qe4 e6 16. Qh4 Bg7 17. Bxc6 Bxc6 18. Nbd4 h6 19. Nxc6 dxc6 20. Qe4 Rd5 21. h4 Rad8 22. h5 g5 23. a4 Qc7 24. axb5 axb5 25. Ra6 c5 26. g3 Qb7 27. Raa1 Qb8 28. Kg2 c4 29. Ra6 Qb7 30. Rea1 Qb8 31. Re1 Qb7 32. Rea1 b4 33. Ra7 Qb8 34. Qxc4 bxc3 35. bxc3 Bxe5 36. Qc6 Bg7 37. Ra8 Qb2 38. Rxd8+ Rxd8 39. Ra8 Rf8 40. Rxf8+ Bxf8 41. c4 Qc3 42. Qe4 Bc5 43. Ne5 Qd2 44. Nd3 Be7 45. c5 Qc3 46. c6 Bd6 47. Kf3 Kf8 48. Kg2 Ke7 49. Kf3 f5 50. Qe3 Qxc6+ 51. Ke2 Qd5 52. Qa7+ Kf6 53. Qh7 Qa2+ 54. Kf3 Qa8+ 55. Ke2 Qf8 56. f4 gxf4 57. gxf4 Qg7 58. Qxg7+ Kxg7 59. Kf3 Kf6 60. Nf2 e5 61. fxe5+ Bxe5 62. Nh3 Bd6 63. Ke3 Bc5+ 64. Kf3 Bd6 65. Ke3 Bc7 66. Kf3 Ke5 67. Kg3 Bd8 68. Kf3 Bg5 69. Nf2 Kf6 70. Nd3 Bd2 71. Nf4 Bxf4 72. Kxf4 Ke6 73. Kg3 Kd6 74. Kf4 Ke6 75. Kf3 Ke5 76. Ke3 f4+ 77. Kf3 Kf5 0-1


[Site "https://www.chess.com"]

[Event "Titled Tuesday Blitz April 26 Early 2022"]
[White "Sarana, Alexey"]
[Black "Narayanan, Srinath"]
[WhiteFideId "24133795"]
[BlackFideId "5018420"]
[WhiteElo "2666"]
[BlackElo "2472"]
[Result "1-0"]
[Round "11"]
[TimeControl "180+1"]
[Date "2022.04.26"]
[WhiteClock "0:01:27"]
[BlackClock "0:00:04"]

1. d4 Nf6 2. c4 e6 3. Nc3 d5 4. cxd5 exd5 5. Bg5 c6 6. e3 h6 7. Bh4 Bd6 8. Bd3 O-O 9. Nge2 Re8 10. h3 Nbd7 11. O-O Nf8 12. Qd2 Ng6 13. Bg3 Ne4 14. Bxe4 dxe4 15. a3 Nh4 16. Qc2 Bf5 17. b4 Re6 18. Bxd6 Qxd6 19. Ng3 Rae8 20. Nce2 Rf6 21. Qc5 Qd7 22. Nf4 b6 23. Qc4 Ng6 24. Nfh5 Rd6 25. Nxf5 Qxf5 26. Ng3 Qg5 27. a4 Nh4 28. b5 Ree6 29. bxc6 Rxc6 30. Qb5 Qd8 31. a5 bxa5 32. Qxa5 Qxa5 33. Rxa5 Rc2 34. Rxa7 g5 35. d5 Re5 36. d6 Rd2 37. d7 Nf5 38. Ra8+ Kg7 39. d8=Q Rxd8 40. Rxd8 Nxg3 41. fxg3 1-0


[Site "https://www.chess.com"]

[Event "Titled Tuesday Blitz April 26 Early 2022"]
[White "Sarkar, Justin"]
[Black "Lach, Aleksandra"]
[WhiteFideId "2010011"]
[BlackFideId "1134299"]
[WhiteElo "2038"]
[BlackElo "2172"]
[Result "1-0"]
[Round "11"]
[TimeControl "180+1"]
[Date "2022.04.26"]
[WhiteClock "0:00:21"]
[BlackClock "0:00:40"]

1. e4 c5 2. Nf3 g6 3. d4 cxd4 4. Qxd4 Nf6 5. Bb5 a6 6. e5 axb5 7. exf6 Nc6 8. Qe3 e6 9. Nc3 Bb4 10. O-O d5 11. Nxb5 O-O 12. c3 Ba5 13. Qg5 e5 14. Nxe5 Nxe5 15. Qxe5 Be6 16. Bh6 Qd7 17. Bxf8 Qxb5 18. Be7 Bd8 19. Qg5 Bxe7 20. fxe7 Qd7 21. f4 Re8 22. f5 Bxf5 23. Rxf5 Qxf5 24. Qxf5 gxf5 25. Re1 f6 26. Kf2 Kf7 27. a4 Rxe7 28. Rxe7+ Kxe7 29. Ke3 Ke6 30. Kf4 h6 31. a5 1-0


[Site "https://www.chess.com"]

[Event "Titled Tuesday Blitz April 26 Early 2022"]
[White "Seemann, Jakub"]
[Black "Nurmanova, Alua"]
[WhiteFideId "21874697"]
[BlackFideId "13729390"]
[WhiteElo "2003"]
[BlackElo "1905"]
[Result "1-0"]
[Round "11"]
[TimeControl "180+1"]
[Date "2022.04.26"]
[WhiteClock "0:00:04"]
[BlackClock "0:00:10"]

1. Nf3 Nf6 2. b3 g6 3. Bb2 Bg7 4. e3 O-O 5. Be2 d6 6. O-O e5 7. d3 Re8 8. c4 c6 9. Nbd2 Nbd7 10. Qc2 h6 11. Rfd1 Qc7 12. Rac1 a6 13. h3 b6 14. a3 Bb7 15. b4 c5 16. Nb3 e4 17. Nfd2 exd3 18. Bxd3 Ne5 19. Bf1 a5 20. bxa5 bxa5 21. Nb1 Be4 22. Qe2 Rab8 23. Bxe5 Rxe5 24. N3d2 Bc6 25. Nc3 Re7 26. Qd3 Rd8 27. e4 Nd7 28. Nd5 Bxd5 29. cxd5 Ne5 30. Qg3 a4 31. f4 Nd7 32. Re1 Rde8 33. Bd3 Bb2 34. Rc2 Bxa3 35. Nc4 Bb4 36. Rf1 Nb6 37. e5 Nxc4 38. Bxc4 dxe5 39. d6 Qxd6 40. fxe5 Qd4+ 41. Kh1 Kg7 42. Ba2 Rf8 43. Rcf2 a3 44. Rf6 c4 45. Bb1 g5 46. R6f5 Bd2 47. Qf3 Bf4 48. g3 Bxe5 49. Qh5 Qd5+ 50. Kh2 Qd2+ 51. R1f2 Qd6 52. Rxg5+ hxg5 53. Qxg5+ Kh8 54. Qh5+ Kg7 55. Qg4+ Kh8 56. Qh4+ Kg7 57. Qh7# 1-0


[Site "https://www.chess.com"]

[Event "Titled Tuesday Blitz April 26 Early 2022"]
[White "Shankland, Sam"]
[Black "Pranav, V"]
[WhiteFideId "2004887"]
[BlackFideId "25060783"]
[WhiteElo "2618"]
[BlackElo "2349"]
[Result "1-0"]
[Round "11"]
[TimeControl "180+1"]
[Date "2022.04.26"]
[WhiteClock "0:02:01"]
[BlackClock "0:00:27"]

1. d4 Nf6 2. c4 e6 3. Nf3 b6 4. g3 Ba6 5. b3 d5 6. Bg2 dxc4 7. Ne5 Bb4+ 8. Kf1 Bd6 9. Nd2 Bxe5 10. dxe5 c6 11. exf6 c3 12. fxg7 Rg8 13. Qc2 cxd2 14. Bb2 f6 15. Rd1 Rxg7 16. Rxd2 Rd7 17. Bxc6 Nxc6 18. Qxc6 Bb7 19. Qxe6+ Qe7 20. Qg8+ Qf8 21. Qxf8+ Kxf8 22. Rxd7 Bxh1 23. f3 Re8 24. Bxf6 1-0


[Site "https://www.chess.com"]

[Event "Titled Tuesday Blitz April 26 Early 2022"]
[White "Shtyka, Sergey"]
[Black "Allahverdiyeva, Ayan"]
[WhiteFideId "4138465"]
[BlackFideId "13412590"]
[WhiteElo "2014"]
[BlackElo "1910"]
[Result "1-0"]
[Round "11"]
[TimeControl "180+1"]
[Date "2022.04.26"]
[WhiteClock "0:01:02"]
[BlackClock "0:00:51"]

1. e4 c5 2. Nf3 d6 3. d4 cxd4 4. Nxd4 Nf6 5. Nc3 a6 6. Bd3 e6 7. O-O Be7 8. Be3 Nc6 9. f4 Bd7 10. Qf3 Nxd4 11. Bxd4 Bc6 12. Rae1 b5 13. a3 Rb8 14. Qg3 a5 15. e5 dxe5 16. Bxe5 Rb7 17. Ne4 Nxe4 18. Bxe4 Bxe4 19. Qxg7 Bc5+ 20. Kh1 Bxg2+ 21. Qxg2 Rd7 22. Bxh8 Rd2 23. Qc6+ Kf8 24. Qxc5+ 1-0


[Site "https://www.chess.com"]

[Event "Titled Tuesday Blitz April 26 Early 2022"]
[White "Sihite, Chelsie Monica Ignesias"]
[Black "Kucuksari, Kaan"]
[WhiteFideId "7101198"]
[BlackFideId "6380166"]
[WhiteElo "2224"]
[BlackElo "2305"]
[Result "0-1"]
[Round "11"]
[TimeControl "180+1"]
[Date "2022.04.26"]
[WhiteClock "0:02:48"]
[BlackClock "0:02:39"]

1. e4 c5 2. Nf3 Nc6 3. Bb5 g6 4. Bxc6 bxc6 5. O-O Bg7 6. Re1 e5 7. h3 Ne7 8. b3 O-O 9. Nc3 d6 10. Ne2 f5 11. d3 d5 12. exf5 e4 13. Nd2 Bxa1 14. c3 exd3 15. Nf4 Bxc3 16. Nxd3 Bxf5 17. Nxc5 Bd4 18. Ba3 Bxf2+ 19. Kxf2 Bc2+ 0-1


[Site "https://www.chess.com"]

[Event "Titled Tuesday Blitz April 26 Early 2022"]
[White "Silvestre, Christian"]
[Black "Tasev, Dejan"]
[WhiteFideId "30956269"]
[BlackFideId "936618"]
[WhiteElo "2372"]
[BlackElo "2253"]
[Result "1-0"]
[Round "11"]
[TimeControl "180+1"]
[Date "2022.04.26"]
[WhiteClock "0:00:13"]
[BlackClock "0:00:37"]

1. d4 Nf6 2. Nf3 e6 3. Bf4 b6 4. e3 Bb7 5. Bd3 h6 6. Nbd2 d6 7. h3 Nbd7 8. Qe2 a6 9. a4 Be7 10. c3 c5 11. Bh2 cxd4 12. exd4 O-O 13. O-O Re8 14. Rfe1 Nf8 15. Ne4 Nxe4 16. Bxe4 Qd7 17. Bc2 Rac8 18. Nd2 Qc6 19. Be4 d5 20. Bd3 Bd6 21. Bxd6 Qxd6 22. Bxa6 Bxa6 23. Qxa6 Ra8 24. Qb5 Rec8 25. Nf3 Ng6 26. Ne5 Nxe5 27. Rxe5 Ra5 28. Qb3 Rca8 29. Ra3 b5 30. axb5 Rxa3 31. bxa3 Rxa3 32. Qb2 Ra8 33. Re1 Qb6 34. Rb1 Ra4 35. Qb3 Rc4 36. Qa3 Rc8 37. Qa6 Rb8 38. Qxb6 Rxb6 39. Kf1 Kf8 40. Ke2 Ke7 41. Kd3 Kd6 42. c4 dxc4+ 43. Kxc4 Rb8 44. b6 Kc6 45. b7 Rxb7 46. Rxb7 Kxb7 47. d5 e5 48. Kc5 Kc7 49. d6+ Kd7 50. Kd5 f6 51. g4 g6 52. f3 g5 53. Kc5 Kd8 54. Kc6 Kc8 55. d7+ Kd8 56. Kd6 e4 57. fxe4 f5 58. e5 h5 59. e6 1-0


[Site "https://www.chess.com"]

[Event "Titled Tuesday Blitz April 26 Early 2022"]
[White "Simonovic, Miroslav"]
[Black "Kuznetsov, Mikhail"]
[WhiteFideId "919152"]
[BlackFideId "4117190"]
[WhiteElo "2043"]
[BlackElo "1981"]
[Result "0-1"]
[Round "11"]
[TimeControl "180+1"]
[Date "2022.04.26"]
[WhiteClock "0:00:36"]
[BlackClock "0:00:20"]

1. d4 Nf6 2. Bg5 Ne4 3. h4 d5 4. Nd2 h6 5. Bf4 g6 6. Nxe4 dxe4 7. e3 Bg7 8. c4 O-O 9. Ne2 c5 10. Qd2 cxd4 11. exd4 Nc6 12. O-O-O e5 13. dxe5 Qxd2+ 14. Rxd2 Nxe5 15. Nc3 Bf5 16. b3 Nd3+ 17. Bxd3 Bxc3 18. Rc2 Bg7 19. Bf1 e3 20. Re2 exf2 21. Rxf2 Rfe8 22. Bd2 Rad8 23. Re2 Rxe2 24. Bxe2 Bb2+ 25. Kxb2 Rxd2+ 26. Kc3 Rxe2 27. Rd1 Rxg2 28. Rd8+ Kg7 29. Ra8 Rxa2 30. b4 g5 31. hxg5 hxg5 32. Kb3 Ra1 33. Kb2 Rb1+ 34. Kc3 g4 35. Rxa7 g3 36. Ra2 Rc1+ 37. Kd4 Rxc4+ 38. Ke5 Be4 39. b5 g2 40. Ra1 Bf3 41. Rg1 Rb4 42. Kf5 Rxb5+ 43. Kf4 Bc6 44. Kg3 Rb3+ 45. Kh2 f5 46. Re1 Rb4 47. Kg1 Rh4 48. Kf2 Rh1 49. Rg1 Rxg1 50. Kxg1 b5 51. Kf2 b4 52. Kg1 b3 53. Kf2 b2 54. Kg3 g1=Q+ 55. Kf4 Qd4+ 56. Kxf5 Qe4+ 57. Kg5 b1=Q 58. Kh5 Qbh1+ 59. Kg5 Qh6# 0-1


[Site "https://www.chess.com"]

[Event "Titled Tuesday Blitz April 26 Early 2022"]
[White "Sirosh, Ilja"]
[Black "Itkis, Boris"]
[WhiteFideId "4500458"]
[BlackFideId "1209167"]
[WhiteElo "2241"]
[BlackElo "2207"]
[Result "1-0"]
[Round "11"]
[TimeControl "180+1"]
[Date "2022.04.26"]
[WhiteClock "0:01:36"]
[BlackClock "0:00:07"]

1. e4 e5 2. Nf3 Nf6 3. Nc3 Nc6 4. h3 Bc5 5. Nxe5 Nxe5 6. d4 Bd6 7. dxe5 Bxe5 8. Bd3 h6 9. f4 Bxc3+ 10. bxc3 d5 11. e5 Ne4 12. Bxe4 Qh4+ 13. Ke2 dxe4 14. Be3 b6 15. Qe1 Ba6+ 16. Kd2 O-O-O+ 17. Kc1 Qe7 18. a4 f6 19. a5 Bb7 20. axb6 axb6 21. Bd4 c5 22. exf6 gxf6 23. Be3 f5 24. Qe2 Kc7 25. Kb2 Ra8 26. g4 Qe6 27. gxf5 Qxf5 28. Qg4 Qxg4 29. hxg4 Rxa1 30. Kxa1 Rg8 31. g5 hxg5 32. fxg5 Kd6 33. Rh6+ Kd5 34. Rxb6 Bc8 35. Kb2 Bf5 36. Bf4 Kc4 37. Rf6 Bg4 38. Be3 Bd1 39. Rf5 Kb5 40. Rxc5+ Ka6 41. c4 Be2 42. Kc3 Bf3 43. Rb5 Rh8 44. Kb4 Rh2 45. Rb6+ Ka7 46. Rh6+ 1-0


[Site "https://www.chess.com"]

[Event "Titled Tuesday Blitz April 26 Early 2022"]
[White "Skliarov, Viktor"]
[Black "Demin, Vladimir"]
[WhiteFideId "14106736"]
[BlackFideId "4167457"]
[WhiteElo "2229"]
[BlackElo "2417"]
[Result "0-1"]
[Round "11"]
[TimeControl "180+1"]
[Date "2022.04.26"]
[WhiteClock "0:00:03"]
[BlackClock "0:00:38"]

1. e4 Nf6 2. Nc3 d5 3. exd5 Nxd5 4. Bc4 c6 5. Qf3 e6 6. d4 Bb4 7. Ne2 Nd7 8. O-O O-O 9. Ne4 h6 10. a3 Be7 11. Bd3 f5 12. N4c3 Nxc3 13. Nxc3 e5 14. Bc4+ Kh8 15. d5 e4 16. Qe2 Ne5 17. Bb3 Bc5 18. Na4 Bd6 19. Bf4 Ng6 20. Bxd6 Qxd6 21. dxc6 Nf4 22. Qe3 bxc6 23. Rfd1 Qc7 24. Nc5 Ng6 25. Ne6 Bxe6 26. Bxe6 Qe5 27. Bc4 f4 28. Qd4 Qg5 29. Bf1 e3 30. fxe3 fxe3 31. Re1 Rae8 32. Rad1 Nh4 33. Kh1 Nf5 34. Qc5 Ng3+ 35. hxg3 Qxc5 36. Be2 Qg5 37. Bf3 Qxg3 38. Re2 Qh4+ 39. Kg1 Re5 40. Rd7 Rxf3 41. gxf3 Rg5+ 42. Rg2 Qf2+ 43. Kh1 Qxg2# 0-1


[Site "https://www.chess.com"]

[Event "Titled Tuesday Blitz April 26 Early 2022"]
[White "Sovetbekova, Nurai"]
[Black "Buscar, Michael"]
[WhiteFideId "13801910"]
[BlackFideId "2603616"]
[WhiteElo "1538"]
[BlackElo "2010"]
[Result "0-1"]
[Round "11"]
[TimeControl "180+1"]
[Date "2022.04.26"]
[WhiteClock "0:00:36"]
[BlackClock "0:01:14"]

1. d4 d5 2. c4 e6 3. Nf3 c5 4. cxd5 exd5 5. g3 Nc6 6. Bg2 Nf6 7. O-O Be7 8. Nc3 O-O 9. Bf4 c4 10. b3 Qa5 11. Rc1 Ba3 12. Rc2 Bf5 13. bxc4 Bxc2 14. Qxc2 dxc4 15. e4 Bb4 16. Bd2 Rfe8 17. e5 Nd7 18. Ng5 g6 19. Bd5 Re7 20. e6 Nxd4 21. exf7+ Kg7 22. Qb2 Nf6 23. Kg2 Bxc3 24. Bxc3 Qxd5+ 25. Kg1 Ne2+ 0-1


[Site "https://www.chess.com"]

[Event "Titled Tuesday Blitz April 26 Early 2022"]
[White "Starozhilov, Leonid"]
[Black "O`Gorman, Tom"]
[WhiteFideId "14106752"]
[BlackFideId "2508249"]
[WhiteElo "2414"]
[BlackElo "2247"]
[Result "1-0"]
[Round "11"]
[TimeControl "180+1"]
[Date "2022.04.26"]
[WhiteClock "0:00:09"]
[BlackClock "0:00:17"]

1. e4 e5 2. Nf3 Nf6 3. Nc3 Nc6 4. Bb5 Nd4 5. Bc4 c6 6. O-O b5 7. Bb3 a5 8. Nxe5 a4 9. Bxf7+ Ke7 10. Bh5 d6 11. Nd3 g6 12. Bf3 Bg7 13. e5 dxe5 14. Nxe5 Qd6 15. Re1 Be6 16. d3 Rhe8 17. Bf4 Qc5 18. Ng4 a3 19. Nxf6 Bxf6 20. Ne4 Qxc2 21. Nxf6 Qxd1 22. Bxd1 axb2 23. Rb1 Kxf6 24. Be5+ Kf7 25. Rxb2 Nf5 26. f4 Bd5 27. g4 Nd4 28. Kf2 Ne6 29. Bb3 Bxb3 30. axb3 Nc5 31. Ke3 Ra3 32. Rc1 Rxb3 33. Rxb3 Nxb3 34. Rxc6 Re6 35. Rc7+ Re7 36. Rc8 Rb7 37. f5 gxf5 38. gxf5 Na5 39. Rh8 h5 40. Rh7+ Kg8 41. Rxh5 b4 42. Rh8+ Kf7 43. Rh7+ Kg8 44. Rxb7 Nxb7 45. Kd4 b3 46. Kc3 Nc5 47. d4 Ne4+ 48. Kxb3 Nf2 49. f6 Kf7 50. Kc4 Ne4 51. Kd5 Ng5 52. h4 Nf3 53. h5 Ng5 54. h6 Nh7 55. Ke4 Ng5+ 56. Kf5 Nh7 57. d5 Nf8 58. d6 Nh7 59. d7 Nf8 60. d8=Q Nh7 61. Qe7+ Kg8 62. Qg7# 1-0


[Site "https://www.chess.com"]

[Event "Titled Tuesday Blitz April 26 Early 2022"]
[White "Steil-Antoni, Fiona"]
[Black "D`Arruda, Ricardo D."]
[WhiteFideId "4001249"]
[BlackFideId "100692"]
[WhiteElo "2059"]
[BlackElo "2369"]
[Result "0-1"]
[Round "11"]
[TimeControl "180+1"]
[Date "2022.04.26"]
[WhiteClock "0:00:01"]
[BlackClock "0:00:10"]

1. e4 c5 2. Nc3 e6 3. f4 d6 4. Nf3 Nc6 5. a3 Nf6 6. Bc4 d5 7. exd5 exd5 8. Ba2 Bd6 9. d3 Be6 10. O-O O-O 11. Qe1 Re8 12. Qh4 d4 13. Bxe6 Rxe6 14. Nd1 Nd5 15. f5 Qxh4 16. Nxh4 Re2 17. Rf2 Rae8 18. Bd2 Rxf2 19. Kxf2 Bxh2 20. g3 Ne5 21. Kg2 Ng4 22. Kh3 h5 23. c4 Ndf6 24. Bg5 Re2 25. Bxf6 gxf6 26. Nf3 Bg1 27. b4 b6 28. Rb1 Be3 29. Rb2 Rxb2 30. Nxb2 Bc1 31. Nd1 Bxa3 32. bxc5 Bxc5 33. Kh4 Ne5 34. Ne1 a5 35. Kxh5 Bb4 36. Nc2 Bc5 37. Nf2 a4 38. g4 a3 39. g5 a2 40. gxf6 Bb4 41. Kg5 Bc3 42. Kf4 Nc6 43. Ke4 a1=Q 44. Nxa1 Bxa1 45. Kd5 Nb4+ 46. Ke4 Bc3 47. Ng4 Nc6 0-1


[Site "https://www.chess.com"]

[Event "Titled Tuesday Blitz April 26 Early 2022"]
[White "Stelmaszyk, Nico"]
[Black "Seifert, Henryk"]
[WhiteFideId "16200462"]
[BlackFideId "1100963"]
[WhiteElo "2119"]
[BlackElo "2120"]
[Result "1-0"]
[Round "11"]
[TimeControl "180+1"]
[Date "2022.04.26"]
[WhiteClock "0:00:38"]
[BlackClock "0:00:01"]

1. d4 d5 2. c4 c6 3. Nf3 e6 4. Nc3 dxc4 5. e3 b5 6. a4 Bb4 7. Bd2 Bb7 8. axb5 Bxc3 9. Bxc3 cxb5 10. b3 a5 11. bxc4 b4 12. Bb2 Nf6 13. Be2 Nbd7 14. c5 Qc7 15. O-O O-O 16. Bb5 Bc6 17. Qa4 Rfc8 18. Bxc6 Qxc6 19. Rfb1 h6 20. Qxc6 Rxc6 21. Ra4 Rca6 22. Nd2 Nb8 23. Nc4 Nc6 24. Rba1 Nd5 25. e4 Nc3 26. Bxc3 bxc3 27. d5 Nb4 28. d6 Kf8 29. Kf1 c2 30. Ke2 Nc6 31. Kd3 Nb4+ 32. Kd2 Ke8 33. Rxa5 Rxa5 34. Rxa5 Rxa5 35. Nxa5 Kd7 36. c6+ Kxd6 37. e5+ Kc7 38. f4 Nxc6 39. Nxc6 Kxc6 40. Kxc2 Kd5 41. Kd3 f6 42. exf6 gxf6 43. Ke3 h5 44. g3 e5 45. f5 Kd6 46. Ke4 Kc5 47. h3 Kd6 48. g4 hxg4 49. hxg4 Ke7 50. Kd5 Kd7 51. g5 fxg5 52. Kxe5 g4 53. Kf4 Ke7 54. Kxg4 Kf7 55. Kf4 Kf6 56. Ke4 Kf7 57. Ke5 Ke7 58. Kd4 Kf6 59. Ke4 Kf7 60. Kf3 Kf8 61. Kf2 Kf7 62. Kg3 Kg7 63. Kg4 Kf7 64. Kg5 Kg7 65. f6+ Kf7 66. Kf5 Kf8 67. Kg6 Kg8 68. Kg5 Kf8 69. Kf4 Kg8 70. Kf5 Kf8 71. Ke5 Ke8 72. Ke6 Kf8 73. f7 Kg7 74. Ke7 Kg6 75. f8=Q 1-0


[Site "https://www.chess.com"]

[Event "Titled Tuesday Blitz April 26 Early 2022"]
[White "Stevens, Christian"]
[Black "Tanenbaum, Zachary"]
[WhiteFideId "2604450"]
[BlackFideId "2060850"]
[WhiteElo "2553"]
[BlackElo "2168"]
[Result "0-1"]
[Round "11"]
[TimeControl "180+1"]
[Date "2022.04.26"]
[WhiteClock "0:01:20"]
[BlackClock "0:01:39"]

1. Nf3 d5 2. e3 Nf6 3. c4 dxc4 4. Bxc4 e6 5. O-O a6 6. d4 c5 7. Qe2 Nc6 8. Rd1 Qc7 9. Nc3 b5 10. Bb3 c4 11. Bc2 Bd6 12. e4 e5 13. Bg5 Nxd4 14. Nxd4 exd4 15. e5 Bxe5 16. f4 dxc3 0-1


[Site "https://www.chess.com"]

[Event "Titled Tuesday Blitz April 26 Early 2022"]
[White "Stribuk, Artiom"]
[Black "Samunenkov, Ihor"]
[WhiteFideId "13515659"]
[BlackFideId "14187086"]
[WhiteElo "2259"]
[BlackElo "2409"]
[Result "1-0"]
[Round "11"]
[TimeControl "180+1"]
[Date "2022.04.26"]
[WhiteClock "0:00:07"]
[BlackClock "0:00:02"]

1. d4 Nf6 2. c4 e6 3. g3 d5 4. Bg2 Be7 5. Nf3 O-O 6. O-O c6 7. Nc3 Nbd7 8. Qd3 b6 9. e4 Ba6 10. b3 e5 11. Nxe5 dxe4 12. Qc2 Qc7 13. Bf4 Bd6 14. Nxe4 Nxe4 15. Bxe4 Nxe5 16. dxe5 Bxe5 17. Bxe5 Qxe5 18. Bxc6 Rac8 19. Qe4 Qf6 20. Bd5 Rfe8 21. Qd3 Rcd8 22. Rae1 Bc8 23. Re3 Bh3 24. Rfe1 Rxe3 25. Qxe3 g6 26. Qe7 Qxe7 27. Rxe7 Rd7 28. Bxf7+ Kg7 29. Rxd7 Bxd7 30. Bd5 Kf6 31. f4 g5 32. fxg5+ Kxg5 33. Kf2 Kf5 34. Ke3 Ke5 35. Bf3 a5 36. a3 Be6 37. Be2 h6 38. b4 axb4 39. axb4 Bf7 40. g4 Be6 41. h4 Bf7 42. Bd3 Be6 43. g5 hxg5 44. hxg5 Bf7 45. g6 Bg8 46. Be2 Be6 47. Bf1 Kf6 48. Bd3 Ke5 49. c5 bxc5 50. bxc5 Kd5 51. Kf4 Kxc5 52. Ke5 Ba2 53. g7 Bb3 54. Bf5 1-0


[Site "https://www.chess.com"]

[Event "Titled Tuesday Blitz April 26 Early 2022"]
[White "Subelj, Jan"]
[Black "Csonka, Balazs"]
[WhiteFideId "14618583"]
[BlackFideId "742910"]
[WhiteElo "2306"]
[BlackElo "2404"]
[Result "1-0"]
[Round "11"]
[TimeControl "180+1"]
[Date "2022.04.26"]
[WhiteClock "0:01:51"]
[BlackClock "0:00:16"]

1. d4 Nf6 2. Nf3 d5 3. Bf4 Bf5 4. c4 e6 5. Qb3 dxc4 6. Qxb7 Be4 7. Qxc7 Bb4+ 8. Nc3 Qxc7 9. Bxc7 Nd5 10. Nd2 Nxc3 11. bxc3 Bxc3 12. Rc1 Bb4 13. Rxc4 Na6 14. Rxb4 Nxb4 15. Nxe4 Nc2+ 16. Kd2 Nxd4 17. e3 Nf5 18. Bb5+ Ke7 19. g4 Rac8 20. Rc1 Nh4 21. Bd6+ Kd8 22. Nc5 Rb8 23. Bxb8 1-0


[Site "https://www.chess.com"]

[Event "Titled Tuesday Blitz April 26 Early 2022"]
[White "Svane, Rasmus"]
[Black "Urazayev, Arystanbek"]
[WhiteFideId "4657101"]
[BlackFideId "13709810"]
[WhiteElo "2645"]
[BlackElo "2422"]
[Result "1/2-1/2"]
[Round "11"]
[TimeControl "180+1"]
[Date "2022.04.26"]
[WhiteClock "0:00:21"]
[BlackClock "0:01:37"]

1. Nf3 Nf6 2. g3 d5 3. Bg2 e6 4. O-O Be7 5. c4 O-O 6. b3 a5 7. Nc3 c6 8. d4 b6 9. Nd2 b5 10. cxb5 cxb5 11. Nxb5 Qb6 12. a4 Nc6 13. Nb1 Ba6 14. N1c3 Bb4 15. Be3 Ng4 16. Rb1 Nxe3 17. fxe3 Rac8 18. Kh1 Na7 19. Rc1 Nxb5 20. Nxb5 Bxb5 21. Rxc8 Rxc8 22. axb5 Qxb5 23. e4 dxe4 24. Bxe4 g6 25. Qd3 Qxd3 26. Bxd3 Rc3 27. Rb1 Ba3 28. Kg2 Rc1 29. Rxc1 Bxc1 30. Kf3 Kf8 31. Bb5 Ke7 32. Ke4 Kd6 33. Kd3 Ba3 34. e4 e5 35. Bc4 f6 36. Bg8 h6 37. Bf7 exd4 38. Kxd4 g5 39. h4 gxh4 40. gxh4 Bb2+ 41. Kc4 Ke5 42. Bg6 Bc1 43. h5 Bd2 44. Kb5 Be1 45. Kc4 Bd2 46. Bf5 Be1 47. Kd3 Bb4 48. Kc4 Be1 49. Kb5 Bb4 50. Kc6 Be1 51. Kc5 Bd2 52. Kc4 Be1 1/2-1/2


[Site "https://www.chess.com"]

[Event "Titled Tuesday Blitz April 26 Early 2022"]
[White "Swiercz, Dariusz"]
[Black "Janaszak, Dawid"]
[WhiteFideId "1126881"]
[BlackFideId "1119206"]
[WhiteElo "2627"]
[BlackElo "2199"]
[Result "1-0"]
[Round "11"]
[TimeControl "180+1"]
[Date "2022.04.26"]
[WhiteClock "0:00:17"]
[BlackClock "0:00:14"]

1. e4 c5 2. Nf3 Nc6 3. c3 e5 4. Bc4 Be7 5. d4 cxd4 6. cxd4 exd4 7. Nxd4 Nf6 8. Nc3 O-O 9. O-O Nxe4 10. Nxe4 d5 11. Nxc6 bxc6 12. Bd3 dxe4 13. Bxe4 Ba6 14. Be3 Bxf1 15. Qxf1 Bf6 16. Rd1 Qc7 17. b3 Rfe8 18. Qc4 Rac8 19. Rc1 c5 20. g3 Bd4 21. Bxh7+ Kxh7 22. Bxd4 Qa5 23. Bc3 Qxa2 24. Qxf7 Kh6 25. Bxg7+ Kg5 26. Qf6+ Kg4 27. Rc4+ 1-0


[Site "https://www.chess.com"]